 Dungeon Crawl Stone Soup version 0.30-a0-782-ge64f9170bb (webtiles) character file.

Game seed: 12569286158540289156

3136 testtesttest123 the Zephyrmancer (level 9, -8/30 HPs)
             Began as a Felid Air Elementalist on Feb 19, 2023.
             Was a Believer of Hepliaklqana.
             Mangled by a centaur warrior (10 damage)
             ... on level 13 of the Dungeon.
             The game lasted 00:40:54 (21679 turns).

testtesttest123 the Zephyrmancer (FeAE)            Turns: 21679, Time: 00:40:55

Health: -8/30      AC:  2    Str:  4    XL:     9   Next: 61%
Magic:  27/34      EV: 20    Int: 20    God:    Hepliaklqana [**....]
Gold:   1006       SH:  0    Dex: 18    Spells: 22/30 levels left
                                        Lives:  0   Deaths: 2

rFire   + . .      SeeInvis +      - Unarmed
rCold   . . .      Faith    .    (shield unavailable)
rNeg    . . .      Spirit   .    (body armour unavailable)
rPois   .          Reflect  .    (helmet unavailable)
rElec   .          Harm     .    (cloak unavailable)
rCorr   .          Rampage  .    (gloves unavailable)
Will    +....                    (boots unavailable)
Stlth   +++                      (no amulet)
HPRegen 0.25/turn                b - ring of Jaiguts {rF+ MP+9}
MPRegen 0.24/turn                (no ring)

@: quick
A: reduced essence, very small, claws 1, fangs 3, see invisible, speed 1, shaggy
fur 2, stealthy paws, no weapons or thrown items, no armour, multi-lived
a: Renounce Religion, Recall Ancestor, Ancestor Identity


You were on level 13 of the Dungeon.
You worshipped Hepliaklqana.
Hepliaklqana was pleased with you.
You visited 1 branch of the dungeon, and saw 15 of its levels.

You collected 1006 gold pieces.

Inventory:

Jewellery
 b - the ring of Jaiguts (left paw) {rF+ MP+9}
   (You took it off an orc on level 8 of the Dungeon)

   [ring of magical power]

   rF:        It protects you from fire.
   MP:        It affects your magic capacity (+9).
 m - the ring of Ryregiarua {rPois Str+2 Int+6 Dex-5}
   (You found it on level 3 of the Dungeon)

   [ring of intelligence]

   Str:       It affects your strength (+2).
   Int:       It affects your intelligence (+6).
   Dex:       It affects your dexterity (-5).
   rPois:     It protects you from poison.
 G - an amulet of faith
Wands
 c - a wand of paralysis (14)
 s - a wand of flame (9)
 w - a wand of roots (11)
 B - a wand of mindburst (11)
Scrolls
 a - 2 scrolls of fog {unknown}
 e - 2 scrolls of vulnerability
 f - 2 scrolls of acquirement {unknown}
 h - a scroll of amnesia {unknown}
 j - 2 scrolls of enchant armour
 k - 2 scrolls of silence {unknown}
 p - 2 scrolls of magic mapping {unknown}
 r - 3 scrolls of identify
 t - a scroll of fear {unknown}
 v - a scroll of brand weapon {unknown}
 x - a scroll of immolation {unknown}
 C - a scroll of poison {unknown}
 E - a scroll of noise {unknown}
 F - 3 scrolls of butterflies {unknown}
Potions
 d - a potion of invisibility
 g - a potion of mutation {unknown}
 i - 3 potions of might
 l - 3 potions of berserk rage
 n - 3 potions of attraction {unknown}
 o - 2 potions of cancellation {unknown}
 q - 2 potions of ambrosia {unknown}
 u - 4 potions of curing
 z - a potion of degeneration {unknown}
 A - 2 potions of magic
 D - a potion of haste


   Skills:
 + Level 0.5 Fighting
 * Level 5.5 Dodging
 + Level 4.2 Stealth
 + Level 1.2 Unarmed Combat
 + Level 11.1 Spellcasting
 * Level 5.5 Conjurations
 * Level 11.4 Air Magic


You had 22 spell levels left.
You knew the following spells:

 Your Spells              Type           Power      Damage    Failure   Level
a - Shock                 Conj/Air       100%       1d9       1%          1
b - Airstrike             Air            27%        2d(4-20)  1%          4
c - Swiftness             Air            54%        N/A       1%          3

Your spell library contained the following spells:

 Spells                   Type           Power      Damage    Failure   Level
 Poisonous Vapours        Pois/Air       66%        N/A       1%          2
 Static Discharge         Conj/Air       90%        2-6/arc   1%          2
 Apportation              Tloc           22%        N/A       6%          1
 Necrotise                Necr           44%        1d6       6%          1
 Sting                    Tmut/Pois      44%        1d5       6%          1
 Summon Small Mammal      Summ           44%        N/A       6%          1
 Call Canine Familiar     Summ           11%        N/A       19%         3
 Summon Guardian Golem    Hex/Summ       11%        N/A       19%         3
 Olgreb's Toxic Radiance  Pois           11%        N/A       52%         4


Dungeon Overview and Level Annotations

Branches:
Dungeon (15/15)            Temple (0/1) D:7            Lair (0/5) D:11
    Orc (0/2) D:11
 Vaults: D:13-14     Depths: D:15

Altars:
Ashenzari
Cheibriados
Dithmenos
Gozag
Hepliaklqana
Kikubaaqudgha
Makhleb
Nemelex Xobeh
Okawaru
Qazlal
Ru

Shops:
D:6 :   D:8 *   D:15 *

Annotations:
D:8 6 transporters
D:15 Jorgrun, Kirke


Innate Abilities, Weirdness & Mutations

Your life essence is reduced to manifest your ancestor. (-10% HP)
You have sharp claws.
You have razor-sharp teeth.
You have supernaturally acute eyesight. (SInv)
You cover ground quickly. (Speed+)
You are covered in thick fur. (AC +2)
Your paws help you pounce on unaware monsters.
You are incapable of wielding weapons or throwing items.
You cannot wear armour.
You gain extra lives every three experience levels.


Message History

You feel strangely unstable.
The centaur warrior shouts!
The centaur warrior wields a +0 shortbow.
The centaur warrior shoots an arrow.
The arrow hits you!!
Ouch! That really hurt!
You feel better.
The centaur warrior shoots an arrow.
The arrow hits you!!
Ouch! That really hurt!
You die...
The centaur warrior shoots an arrow.
The arrow barely misses you.
You are now level 9!
You rejoin the land of the living...
Found a stone staircase leading up.
Welcome back, testtesttest123 the Felid Air Elementalist.
Hepliaklqana says: Your past becomes your present!
Press ? for a list of commands and other information.
There is a stone staircase leading up here.
A centaur warrior and a centaur come into view.
Found a scroll of identify.
There are monsters nearby!
There are monsters nearby!
There are monsters nearby!
There are monsters nearby!
The centaur shouts!
The centaur wields a +0 shortbow.
The centaur shoots an arrow.
The arrow closely misses you.
A centaur comes into view.
The centaur shoots an arrow.
The arrow hits you.
The centaur shouts!
The centaur warrior wields a +2 antimagic longbow.
The centaur warrior shoots an arrow.
The arrow completely misses you.
The centaur warrior shoots an arrow.
The arrow hits you!!
Ouch! That really hurt!
* * * LOW HITPOINT WARNING * * *
You feel your power leaking away.
The centaur warrior shoots an arrow.
The arrow barely misses you.
The centaur warrior shoots an arrow.
The arrow closely misses you.
The centaur warrior unwields a +2 antimagic longbow.
The centaur warrior closely misses you. The centaur warrior misses you.
The centaur warrior hits you!
You die...

######
######.....#
#....@.....#
#.####c#.....
#.####c# ?..
#<...#c# #
####.#.# #.#
.# #. .. #.


You could see a centaur warrior and 2 centaurs.

Vanquished Creatures
  2 tengu warriors (D:15)
  3 trolls
  A hornet (D:10)
  2 wyverns
  2 wraiths
  21 yaks
  3 shadows
  2 steam dragons
  2 acid dragons (D:9)
  3 water moccasins
  6 orc warriors
  A sky beast (D:7)
  2 black bears
  3 ice beasts
  4 ogres
  2 centaurs
  3 phantoms
  A kobold brigand (D:9)
  4 bullfrogs
  3 necrophages (D:6)
  A gnoll sergeant (D:9)
  5 scorpions
  3 troll zombies (D:11)
  4 wights (D:9)
  6 killer bees
  5 howler monkeys
  2 electric eels
  2 hounds (D:5)
  2 jellies
  8 orc priests
  6 iguanas
  11 orc wizards
  5 ogre zombies (D:11)
  12 gnolls
  6 adders
  A shadow imp (D:6)
  3 white imps
  3 dart slugs
  53 orcs
  2 bats
  13 endoplasms
  4 giant cockroaches
  6 hobgoblins
  12 jackals
  5 kobolds
  5 quokkas
  5 ball pythons
  3 frilled lizards (D:1)
  9 goblins
  A goblin skeleton (D:11)
  2 goblin zombies (D:11)
  2 hobgoblin skeletons (D:11)
  4 hobgoblin zombies (D:11)
  2 orc skeletons (D:11)
  13 orc zombies (D:11)
  7 rats
303 creatures vanquished.

Vanquished Creatures (collateral kills)
  A wyvern (D:9)
  An orc zombie (D:11)
2 creatures vanquished.

Vanquished Creatures (others)
  An ancestor (D:9)
  2 battlemagi (D:15)
  3 fungi (D:1)
  A plant (D:1)
7 creatures vanquished.

Grand Total: 312 creatures vanquished

Notes
Turn   | Place    | Note
-------+----------+-------------------------------------------
     0 | D:1      | testtesttest123 the Felid Air Elementalist began the quest
                  | for the Orb.
     0 | D:1      | Reached XP level 1. HP: 7/7 MP: 4/4
   291 | D:1      | Reached XP level 2. HP: 11/11 MP: 0/6
   708 | D:1      | Found a faded altar of an unknown god.
   726 | D:1      | Reached skill level 1 in Conjurations
  1028 | D:1      | Reached XP level 3. HP: 14/14 MP: 4/7
  2021 | D:2      | Found a broken altar of Ashenzari.
  2755 | D:2      | Reached XP level 4. HP: 18/18 MP: 6/8
  3071 | D:3      | Identified the ring of Ryregiarua {rPois Str+2 Int+6 Dex-5}
  3475 | D:3      | Noticed an ice beast
  3576 | D:3      | Killed an ice beast
  3577 | D:3      | Reached XP level 5. HP: 21/21 MP: 2/11
  4463 | D:4      | Noticed an ogre
  4487 | D:4      | Killed an ogre
  4488 | D:4      | Gained mutation: You are covered in thick fur. (AC +2)
                  | [Felid growth]
  4488 | D:4      | Reached XP level 6. HP: 24/24 MP: 5/13
  5082 | D:4      | Found an iron altar of Okawaru.
  5393 | D:4      | Found a shadowy altar of Dithmenos.
  5689 | D:5      | Entered Level 5 of the Dungeon
  5753 | D:5      | Reached XP level 7. HP: 27/27 MP: 3/14
  5835 | D:5      | Noticed a troll
  6456 | D:5      | Reached skill level 5 in Spellcasting
  6565 | D:5      | Learned a level 4 spell: Airstrike
  7058 | D:5      | Reached skill level 5 in Air Magic
  7058 | D:5      | Reached XP level 8. HP: 31/31 MP: 7/17
  7436 | D:6      | Found Tummezar's Book Emporium.
  7675 | D:6      | Reached skill level 1 in Unarmed Combat
  7798 | D:6      | lol nigger
  7802 | D:6      | lol nigger
  7806 | D:6      | ops
  7806 | D:6      | didnt know i had a spectator
  8989 | D:6      | Found an opulent altar of Gozag.
  8990 | D:6      | Found a sparkling altar of Nemelex Xobeh.
 10594 | D:7      | Reached XP level 9. HP: 18/34 MP: 9/20
 11098 | D:7      | Found a staircase to the Ecumenical Temple.
 11580 | D:7      | HP: 1/34 [something] (6)]
 11581 | D:8      | Found a transporter.
 11582 | D:8      | HOLY SHIT YO
 11712 | D:8      | Found Tuuhuerru's General Store.
 11734 | D:8      | Found a transporter.
 11834 | D:8      | Found a transporter.
 12560 | D:8      | Identified the ring of Jaiguts {rF+ MP+9}
 13600 | D:8      | Reached XP level 10. HP: 38/38 MP: 4/23
 13872 | D:8      | Found a transporter.
 13879 | D:8      | Found a transporter.
 14011 | D:8      | Found a transporter.
 14282 | D:8      | Found a hazy altar of Hepliaklqana.
 14325 | D:8      | Found a broken altar of Ashenzari.
 14372 | D:8      | Became a worshipper of Hepliaklqana the Forgotten
 14927 | D:9      | Found a stormy altar of Qazlal.
 14947 | D:9      | Reached * piety under Hepliaklqana
 15518 | D:9      | Reached skill level 10 in Spellcasting
 15723 | D:9      | Found an ancient bone altar of Kikubaaqudgha.
 16304 | D:10     | Entered Level 10 of the Dungeon
 16589 | D:10     | Found a burning altar of Makhleb.
 16589 | D:10     | Found a snail-covered altar of Cheibriados.
 16590 | D:10     | Found a sacrificial altar of Ru.
 16758 | D:10     | Reached skill level 10 in Air Magic
 17435 | D:10     | Reached skill level 5 in Conjurations
 17447 | D:10     | Reached XP level 11. HP: 28/36 MP: 25/26
 18587 | D:8      | Learned a level 3 spell: Swiftness
 18879 | D:11     | Found a staircase to the Lair.
 19400 | D:11     | Found a staircase to the Orcish Mines.
 19978 | D:11     | Reached skill level 5 in Dodging
 20049 | D:11     | Reached ** piety under Hepliaklqana
 21331 | D:12     | You fall into a shaft and drop 3 floors!
 21331 | D:15     | Entered Level 15 of the Dungeon
 21333 | D:15     | Remembered your ancestor Ur-Dumizida as a battlemage
 21359 | D:15     | Noticed a tengu warrior
 21362 | D:15     | Killed a tengu warrior
 21363 | D:15     | Noticed Kirke
 21363 | D:15     | Noticed an ettin
 21367 | D:15     | Noticed a tengu warrior
 21394 | D:15     | Found Beodd's General Store.
 21400 | D:15     | Noticed a necromancer
 21402 | D:15     | Hit by a large rock thrown by a cyclops
 21403 | D:15     | Reached XP level 10. HP: -5/34 MP: 27/35
 21410 | D:15     | Killed a tengu warrior
 21413 | D:15     | Noticed a seven-headed hydra
 21414 | D:15     | Noticed a lindwurm
 21421 | D:15     | Noticed an entropy weaver
 21421 | D:15     | Noticed Jorgrun
 21424 | D:15     | Noticed a wizard
 21425 | D:15     | Noticed a deep troll
 21426 | D:15     | Noticed a cyan ugly thing
 21430 | D:15     | an entropy weaver changed into a basilisk
 21471 | D:15     | Noticed a cyclops
 21617 | D:14     | Noticed a manticore
 21646 | D:13     | Noticed a boulder beetle
 21653 | D:13     | Noticed a centaur warrior
 21655 | D:13     | Shot with an arrow by a centaur warrior
 21656 | D:13     | Reached XP level 9. HP: -3/30 MP: 34/34
 21663 | D:13     | Noticed a centaur warrior
 21676 | D:13     | HP: 1/30 [centaur warrior/arrow (24)]
 21679 | D:13     | Mangled by a centaur warrior

Illustrated notes . #. .###### #8...8# ###.....## #8...>...# ###........## ... #8...@...8#.### ..... #.÷.......#... ...... #..<...8..#.# ....# ##..........#### .#)# ...8...8........##..# ###.#.##..#####..÷..# ..... #..#####.....# ....## #..##........+ .... #..##.##.....# Turn 7798 on D:6: lol nigger

#. .###### #8...8#
###.....## #8...>...#
###........## ...
#8...∩...8#.### .....
#.÷.......#... ......
#..<.@.8..#.# ....#
##..........#### .#)#
...8...8........##..#
###.#.##..#####..÷..#
..... #..#####.....#
....## #..##........+
.... #..##.##.....#
.## #............#
#........#####


Turn 7802 on D:6: lol nigger . #. .###### #8...8# ###.....## #8...>...#
###........## ... #8...∩...8#.### .... #.÷.@.....#... ..... #..<...8..#.# ....#
##..........#### .#)# ...8...8........##..# ###.#.##..#####..÷..# .....
#..#####.....# ....## #..##........+ .... #..##.##.....# .## #............# Turn
7806 on D:6: ops ........... .......... .......... ......... ....... ....# #..#
#@# ..©...........# #©..##........# ## #.......?. .......... #####...... ...#..
###### Turn 11582 on D:8: HOLY SHIT YO

Levels and vault maps discovered:
D:1:      elethiomel_arrival_maze, layout_loops_ring,
          shapermc_ecumenical_altar_acropolis, st_stairs_12,
          minmay_misc_feat_nine_boxes
D:2:      layout_loops_ring, basic_altar
D:3:      layout_loops_ring, kennysheep_generic_room_4
D:4:      minmay_door_path, layout_loops_corners, mainiacjoe_overflow_catwalk,
          lemuel_round_altar
D:5:      layout_basic, grunt_ministairs_6, minmay_manual_macuahuitl
D:6:      minmay_evil_eye, layout_loops_cross, grunt_temple_overflow_opulence,
          serial_shops, nicolae_stop_n_shop_1
D:7:      layout_loops_ring, minmay_temple_entry_statues_fountains,
          roderic_serpentine_path, kennysheep_generic_room_7
D:8:      layout_cave_pools, lemuel_round_altar,
          worldfamousw_hep_ancestral_shrine, special_room [special_room_orc],
          serial_shops, shop, serial_nicolae_subway, nicolae_sub_station_metal,
          nicolae_sub_station_stone, nicolae_sub_station_crystal
D:9:      layout_loops_corners, kiku_gazebo_pond_becter,
          nicolae_qazlal_general_emergency, kennysheep_small_square
D:10:     layout_roguey, gammafunk_temple_overflow_claw,
          corexii_leaking_fountain, kennysheep_generic_room_16
D:11:     layout_basic, lair_entry_dummy, zombieorc2_lemuel
D:12:     layout_loops_ring, nicolae_hydra_factorization
D:13:     hangedman_cross_veins, layout_loops_corners,
          hangedman_vaults_entry_quadrant_bands, special_room
          [special_room_bee], gammafunk_ghost_door_vault, uniq_maurice
D:14:     layout_roguey, kennysheep_pointless_box, item_on_display_b
D:15:     hangedman_depths_entry_civil_slaughter, layout_rooms, hex_tiny,
          serial_shops, shop_fountains,
          nicolae_gozag_cash_rules_everything_around_me, uniq_jorgrun,
          uniq_kirke

Skill      XL: |  1  2  3  4  5  6  7  8  9 10 11 |
---------------+----------------------------------+-----
Dodging        | 3 4 5 |  5.5
Air Magic      | 3 4 5 6 8 10 11 | 11.4
Stealth        | 3 4 |  4.2
Conjurations   | 1 2 3 4 5 |  5.5
Spellcasting   | 3 4 5 6 8 10 11 | 11.1
Unarmed Combat | 1 |  1.2
Fighting       | |  0.5

Action                     |  1- 3 |  4- 6 |  7- 9 | 10-12 || total
---------------------------+-------+-------+-------+-------++-------
  Melee: Unarmed           |    33 |     1 |    26 |     9 ||    69
         Bite              |     4 |       |     3 |       ||     7
   Cast: Shock             |    91 |   112 |   125 |   173 ||   501
         Airstrike         |       |       |   138 |   153 ||   291
         Swiftness         |       |       |       |     2 ||     2
 Invoke: Recall Ancestor   |       |       |       |     2 ||     2
         Ancestor Life: Ba |       |       |       |     1 ||     1
  Evoke: Wand              |       |       |     1 |       ||     1
    Use: Scroll            |       |       |     4 |     8 ||    12
         Potion            |       |       |     3 |     3 ||     6
 Armour: Skin              |     2 |     1 |     5 |     1 ||     9
  Dodge: Dodged            |    34 |    12 |    98 |    41 ||   185

Table legend: (Time is in decaauts)
 A = Elapsed time spent in this place.
 B = Non-inter-level travel time spent in this place.
 C = Inter-level travel time spent in this place.
 D = Time resting spent in this place.
 E = Time spent auto-exploring this place.
 F = Levels seen in this place.
 G = Mean time per level.
                   A        B        C        D        E       F      G
               +--------+--------+--------+--------+--------+-----+--------+
         Total |  19698 |  19131 |    567 |   8415 |   8372 |  15 | 1313.2 |
       Dungeon |  19698 |  19131 |    567 |   8415 |   8372 |  15 | 1313.2 |
               +--------+--------+--------+--------+--------+-----+--------+

Top non-repeatable levels by time:
     D:8: 2496 daAuts
    D:11: 2170 daAuts
     D:5: 2044 daAuts
     D:6: 1966 daAuts
     D:9: 1929 daAuts
     D:7: 1874 daAuts
    D:10: 1822 daAuts
     D:1: 1651 daAuts
     D:4: 1348 daAuts
     D:3: 1096 daAuts
     D:2: 960 daAuts
    D:14: 156 daAuts
    D:15: 113 daAuts
    D:12: 38 daAuts
    D:13: 29 daAuts
